 Dungeon Crawl Stone Soup version 0.25.1-11-g244df3a29b (webtiles) character file.

Game seed: 4100628925143790899

414920 DeepDeath the Unseen (level 23, -13/176 HPs)
             Began as an Octopode Assassin on Jan 7, 2024.
             Was an Initiate of Gozag.
             Mangled by a spectral ettin (20 damage)
             ... called from beyond by a revenant
             ... on level 2 of the Crypt on Jan 9, 2024.
             The game lasted 04:59:01 (63366 turns).

DeepDeath the Unseen (Octopode Assassin)           Turns: 63366, Time: 04:59:01

Health: -13/176    AC: 10    Str: 25    XL:     23   Next: 58%
Magic:  33/33      EV: 29    Int: 16    God:    Gozag
Gold:   3361       SH: 19    Dex: 23    Spells: 22/36 levels left

rFire    + + .     SeeInvis +   d - +3 scimitar (holy)
rCold    + + +     Gourm    .   O - +3 kite shield {AC+3}
rNeg     + + +     Faith    .   M - +2 hat {MR+}
rPois    +         Spirit   .   L - amulet of Toseing {Acrobat Str+3 Slay+3 SInv}
rElec    +         Reflect  .   C - ring "Yngyrr" {rN+ AC+4 Int+4}
rCorr    +         Harm     .   r - ring of protection from magic
MR       ++++.                  K - ring of the Skies Above {rF+ rC+ Stlth+}
Stlth    ++++++++++             e - ring of Roeniant {Str+5 Stlth+}
HPRegen  0.39/turn              V - ring "Ejan" {Ice rElec rPois rN++ Int-3}
MPRegen  0.23/turn              p - ring of Nuffar {+Blink rCorr Dex+2}
                                q - ring "Wujegung" {rPois rC+ rN+ MR+ Dex+6}
                                A - ring of Conformity {rPois rF++}

@: slowed, studying Shields, very slow
A: almost no armour, stealthy swim, amphibious, 8 rings, constrict 8, camouflage
1, gelatinous body 1
}: 2/15 runes: serpentine, barnacled
a: Potion Petition, Call Merchant, Bribe Branch, Renounce Religion, Evoke Blink


You were on level 2 of the Crypt.
You worshipped Gozag.
Gozag was most pleased with you.
You were not hungry.

You visited 8 branches of the dungeon, and saw 40 of its levels.
You visited 1 bazaar.
You also visited: Ice Cave.

You collected 26182 gold pieces.
You spent 17742 gold pieces at shops.
You paid 5079 gold pieces to Gozag.

Inventory:

Hand Weapons
 d - a +3 scimitar of holy wrath (weapon)
 s - a +5 scimitar of flaming
 v - the +8 long sword of Keiwkasi {vamp, rPois SInv Stlth+}
   (You bought it in a shop on level 15 of the Dungeon)

   It inflicts no extra harm, but heals its wielder when it wounds a living foe.
   It protects you from poison.
   It lets you see invisible.
   It makes you more stealthy.
 w - the +7 short sword "Symm" {freeze, *Corrode rC+ MR+ Str+4}
   (You found it on level 15 of the Dungeon)

   It has been specially enchanted to freeze those struck by it, causing extra
   injury to most foes and up to half again as much damage against particularly
   susceptible opponents.
   It can also slow down cold-blooded creatures.
   It affects your strength (+4).
   It protects you from cold.
   It affects your resistance to hostile enchantments.
   It may corrode you when you take damage.
Missiles
 x - 5 silver javelins (quivered)
 J - 51 javelins
 N - 9 throwing nets
 Z - 20 curare-tipped darts
Armour
 M - a +2 hat of magic resistance (worn)
 O - a +3 kite shield of protection (worn)
Jewellery
 e - the ring of Roeniant (on tentacle) {Str+5 Stlth+}
   (You bought it in a shop on level 1 of the Snake Pit)

   [ring of stealth]

   It affects your strength (+5).
   It makes you more stealthy.
 p - the ring of Nuffar (on tentacle) {+Blink rCorr Dex+2}
   (You bought it in a shop on level 2 of the Orcish Mines)

   [ring of resist corrosion]

   It affects your dexterity (+2).
   It lets you blink.
   It provides partial protection from all sources of acid and corrosion.
 q - the ring "Wujegung" (on tentacle) {rPois rC+ rN+ MR+ Dex+6}
   (You bought it in a shop on level 2 of the Orcish Mines)

   [ring of dexterity]

   It affects your dexterity (+6).
   It protects you from cold.
   It protects you from poison.
   It protects you from negative energy.
   It affects your resistance to hostile enchantments.
 r - a ring of protection from magic (right tentacle)
 A - the ring of Conformity (on tentacle) {rPois rF++}
   (You bought it in a shop on level 2 of the Lair of Beasts)

   [ring of poison resistance]

   It greatly protects you from fire.
   It protects you from poison.
 C - the ring "Yngyrr" (left tentacle) {rN+ AC+4 Int+4}
   (You bought it in a shop on level 2 of the Lair of Beasts)

   [ring of protection]

   It affects your AC (+4).
   It affects your intelligence (+4).
   It protects you from negative energy.
 K - the ring of the Skies Above (on tentacle) {rF+ rC+ Stlth+}
   (You bought it in a shop on level 8 of the Dungeon)

   [ring of protection from cold]

   It protects you from fire.
   It protects you from cold.
   It makes you more stealthy.
 L - the amulet of Toseing (around mantle) {Acrobat Str+3 Slay+3 SInv}
   (You bought it in a shop on level 2 of the Orcish Mines)

   [amulet of the acrobat]

   It helps you evade while moving and waiting.
   It affects your strength (+3).
   It affects your accuracy and damage with ranged weapons and melee attacks
   (+3).
   It lets you see invisible.
 V - the ring "Ejan" (on tentacle) {Ice rElec rPois rN++ Int-3}
   (You bought it in a shop on level 4 of the Dungeon)

   [ring of ice]

   It enhances your ice magic.
   It affects your intelligence (-3).
   It makes you vulnerable to fire.
   It protects you from cold.
   It insulates you from electricity.
   It protects you from poison.
   It greatly protects you from negative energy.
Wands
 i - a wand of clouds (7)
 t - a wand of iceblast (34)
 z - a wand of paralysis (18)
 F - a wand of digging (14)
 G - a wand of disintegration (44)
 H - a wand of acid (21)
 R - a wand of enslavement (4)
Scrolls
 g - 3 scrolls of blinking
 j - 2 scrolls of silence
 l - a scroll of enchant armour
 n - 25 scrolls of remove curse
 o - 9 scrolls of teleportation
 u - 13 scrolls of identify
 y - 6 scrolls of fog
 D - a scroll of fear
 I - 8 scrolls of magic mapping
 S - 3 scrolls of holy word
 Y - 2 scrolls of summoning
Potions
 a - 4 potions of heal wounds
 b - 2 potions of stabbing
 c - 9 potions of curing
 h - 3 potions of flight
 m - 3 potions of resistance
 E - 2 potions of haste
 Q - 5 potions of cancellation
 U - 2 potions of ambrosia
 W - 3 potions of invisibility
 X - 3 potions of magic
Books
 B - a manual of Shields
Miscellaneous
 k - 2 phantom mirrors
 P - a lightning rod (4/4)
 T - a phial of floods
Comestibles
 f - 7 rations


   Skills:
 - Level 20.0 Fighting
 - Level 14.0(15.3) Short Blades
 - Level 11.2(14.0) Long Blades
 - Level 8.0 Throwing
 - Level 16.0 Dodging
 - Level 20.0 Stealth
 + Level 17.2 Shields
 - Level 7.0 Spellcasting
 - Level 3.0 Conjurations
 - Level 2.0 Hexes
 - Level 5.0 Charms
 - Level 5.0 Translocations
 - Level 3.0 Fire Magic
 - Level 5.0 Air Magic
 - Level 8.0 Poison Magic
 - Level 5.0 Evocations


You had 22 spell levels left.
You knew the following spells:

 Your Spells              Type           Power        Failure   Level  Hunger
a - Apportation           Tloc           ###...       1%          1    None
g - Shroud of Golubria    Chrm/Tloc      ###...       2%          2    None
j - Portal Projectile     Hex/Tloc       ###...       9%          3    ##.....
p - Mephitic Cloud        Conj/Pois/Air  ###.....     4%          3    ##.....
t - Conjure Flame         Conj/Fire      ###.....     11%         3    ##.....
v - Poisonous Vapours     Pois/Air       ####..       1%          2    None

Your spell library contained the following spells:

 Spells                   Type           Power        Failure   Level  Hunger
 Blink                    Tloc           N/A          2%          2    None
 Foxfire                  Conj/Fire      ###.         3%          1    None
 Magic Dart               Conj           ###.         3%          1    None
 Gell's Gravitas          Tloc           ###.......   4%          3    ##.....
 Lesser Beckoning         Tloc           ###.......   4%          3    ##.....
 Corona                   Hex            ##.....      5%          1    None
 Searing Ray              Conj           ###...       5%          2    None
 Slow                     Hex            ##......     9%          2    None
 Animate Skeleton         Necr           N/A          12%         1    None
 Pain                     Necr           #...         12%         1    None
 Summon Butterflies       Summ           #.......     12%         1    None
 Summon Small Mammal      Summ           #...         12%         1    None
 Dazzling Flash           Conj/Hex       ##....       13%         3    ##.....
 Inner Flame              Hex/Fire       ##......     13%         3    ##.....
 Tukima's Dance           Hex            ##......     16%         3    ##.....
 Call Imp                 Summ           #.......     19%         2    None
 Summon Guardian Golem    Hex/Summ       #.......     24%         3    ##.....
 Iskenderun's Mystic Bla  Conj/Tloc      ###.....     24%         4    ####...
 Sticky Flame             Conj/Fire      ###.....     34%         4    ####...
 Call Canine Familiar     Summ           #.......     36%         3    ##.....
 Vampiric Draining        Necr           #.........   36%         3    ##.....
 Fulminant Prism          Conj/Hex       ##........   41%         4    ####...
 Summon Lightning Spire   Summ/Air       ##......     41%         4    ####...
 Cause Fear               Hex            ##........   47%         4    ####...
 Alistair's Intoxication  Tmut/Pois      ###.....     54%         5    #####..
 Leda's Liquefaction      Hex/Erth       #.........   63%         4    ####...
 Silence                  Hex/Air        ###.......   63%         5    #####..
 Fireball                 Conj/Fire      ###.......   69%         5    #####..
 Animate Dead             Necr           N/A          77%         4    ####...
 Summon Ice Beast         Ice/Summ       #.......     77%         4    ####...
 Yara's Violent Unravell  Hex/Tmut       #.........   92%         5    #####..
 Dispersal                Tloc           ###.......   94%         6    #######
 Agony                    Necr           #.......     98%         5    #####..
 Starburst                Conj/Fire      ###.......   99%         6    #######
 Freezing Cloud           Conj/Ice/Air   ###.......   100%        6    #######
 Invisibility             Hex            ##......     100%        6    #######
 Ring of Flames           Chrm/Fire      ###.......   100%        7    #######
 Chain Lightning          Conj/Air       ###.......   100%        8    #######
 Controlled Blink         Tloc           N/A          100%        8    #######
 Discord                  Hex            ##........   100%        8    #######
 Disjunction              Tloc           ###.......   100%        8    #######
 Lehudib's Crystal Spear  Conj/Erth      ##........   100%        8    #######
 Absolute Zero            Ice            #.........   100%        9    #######
 Fire Storm               Conj/Fire      ###.......   100%        9    #######


Dungeon Overview and Level Annotations

Branches:
Dungeon (15/15)            Temple (0/1) D:6            Lair (6/6) D:8
 Shoals (4/4) Lair:4        Snake (4/4) Lair:2        Slime (0/5) Lair:6
    Orc (2/2) D:11            Elf (3/3) Orc:2        Vaults (4/5) D:13
  Crypt (2/3) Vaults:3     Depths (0/5) D:15          IceCv (visited)

Altars:
Ashenzari
Elyvilon
Fedhas
Gozag
Hepliaklqana
Kikubaaqudgha
Makhleb
Okawaru
Ru
Trog
Uskayaw
Vehumet
Wu Jian
Xom
Yredelemnul

Shops:
D:4 *   D:8 *[=*[   D:15 (:**[   Orc:2 *===*   Elf:3 *   Lair:2 !=
Shoals:2 :(?}*   Snake:1 }==   Vaults:1 ?(   Vaults:3 !   Vaults:4 ?

Portals:
Hell: Lair:6

Annotations:
Shoals:3 exclusion: kraken, KrombopulosMichael's ghost, adept HOAK; Roxanne
Shoals:4 exclusion: kraken
Snake:1 1 runed translucent door, hawla's ghost, journeyman DrCj
Elf:1 6 runed translucent doors


Innate Abilities, Weirdness & Mutations

You cannot wear most types of armour.
You are very stealthy in the water. (Stealth+)
You are amphibious.
You can wear up to eight rings at the same time.
You can use your tentacles to constrict eight enemies at once.
Your skin changes colour to match your surroundings (Stealth+).
Your rubbery body absorbs attacks. (AC +1, EV +1)


Message History

The spectral anaconda barely misses you.
The spectral ettin hits you but does no damage.
You block the spectral ettin's attack.
The spectral anaconda barely misses you.
You block the spectral anaconda's attack.
You block the spectral ettin's attack.
The spectral ettin completely misses you.
You closely miss the revenant. You grab the revenant.
Your squeeze misses the revenant.
You are engulfed in spectral mist.
* * * LOW HITPOINT WARNING * * *
You constrict the revenant.
You block the spectral anaconda's attack.
The spectral anaconda completely misses you.
You block the revenant's attack.
The spectral anaconda completely misses you. x2
The spectral ettin hits you!!
* * * LOW HITPOINT WARNING * * *
The spectral ettin hits you!!
You die...
Your body crumbles into a pile of gold.

#..##..............#.#.......
#..##.....#####....#.#...####
#..##...### ####.#.......
#..##... #.#.....### .##
#..##.>. ###.#...... #...
#..##. #...#....... #... #..#
#°..#.###.. #...
########Z..#.########.##
#..°○ZL@Z.....(.........
#.○.Z#####.#.#.......... #...
####.#.#.....).... $ ....
.................. ..#
##.....#####...## .
..........<.......
####....#.........
......?..........
#####.##...####..


You could see a revenant, a spectral anaconda (summoned), a spectral catoblepas
(summoned), a spectral snapping turtle (summoned) and a spectral ettin
(summoned).

Vanquished Creatures
  Mara (Elf:3)
  An ancient lich (Crypt:2)
  Sojobo (Vaults:3)
  Saint Roka (Elf:2)
  Vashnia (Snake:4)
  Rupert (D:14)
  A tentacled monstrosity (Vaults:4)
  3 deep elf blademasters
  3 deep elf master archers (Elf:3)
  Agnes (D:15)
  A sphinx (Vaults:4)
  Frances (D:14)
  An ancient champion (Crypt:2)
  2 tengu reavers (Vaults:3)
  A revenant (Crypt:1)
  6 nagarajas (Snake:4)
  2 orc warlords (Vaults:4)
  2 frost giants
  10 deep elf sorcerers
  11 vault wardens
  Aizul (Shoals:3)
  3 curse skulls (Crypt:1)
  4 deep elf elementalists (Elf:3)
  10 ghouls
  7 ironheart preservers
  The ghost of Mafricsi the Cleaver, a journeyman FoFi of Okawaru (D:14)
  2 vampire knights
  2 entropy weavers (Vaults:4)
  5 stone giants
  7 deep elf annihilators
  4 deep elf demonologists
  5 deep elf death magi
  2 ettins
  9 merfolk impalers
  5 merfolk javelineers (Shoals:4)
  Josephine (Lair:6)
  7 deep elf high priests
  11 jiangshi
  7 yaktaur captains
  Fannar (Lair:2)
  10 ogre magi
  A great orb of eyes (Vaults:3)
  9 hydras
  Erolcha (D:13)
  2 vault guards
  A rakshasa (Vaults:2)
  4 ice dragons
  A merfolk avatar (Shoals:4)
  A catoblepas (Lair:6)
  9 anacondas
  16 naga warriors
  5 death knights
  12 centaur warriors
  A satyr (shapeshifter) (Vaults:2)
  Erica (D:8)
  A satyr (Shoals:2)
  4 alligator snapping turtles (Shoals:4)
  34 two-headed ogres
  3 merfolk aquamancers
  3 vampire magi
  3 tengu warriors
  2 deep troll shamans (Vaults:2)
  14 naga sharpshooters
  4 orc high priests
  Sonja (D:12)
  4 shock serpents
  28 deep elf knights
  A soul eater (Crypt:2)
  A sixfirhy (Lair:6)
  2 shadow wraiths
  6 skeletal warriors
  2 salamander mystics
  8 deep trolls (Vaults:2)
  A glowing orange brain (Vaults:1)
  3 flayed ghosts
  15 sea snakes
  6 wizards
  30 harpies
  5 unseen horrors
  9 orc knights
  A kraken simulacrum (Shoals:4)
  5 naga ritualists
  5 phantasmal warriors
  An anaconda skeleton (Crypt:2)
  20 deep elf archers
  An oklob plant (Lair:4)
  12 ironbrand convokers
  5 mana vipers
  4 necromancers
  10 orc sorcerers
  3 wolf spiders
  4 salamanders
  12 manticores
  32 ugly things
  64 deep elf magi
  12 cyclopes
  2 moths of wrath (D:14)
  9 fauns
  25 naga magi
  2 stone giant skeletons (Vaults:4)
  Maurice (Orc:1)
  11 merfolk sirens
  3 ice statues (IceCv)
  11 elephants
  5 guardian serpents
  9 vault sentinels
  5 water nymphs
  Maggie (D:8)
  23 black mambas
  10 spiny frogs
  An eye of devastation (Lair:6)
  A smoke demon (Lair:6)
  3 gargoyles
  3 orange demons (Lair:6)
  A green draconian zombie (Crypt:2)
  A kobold demonologist (D:13)
  4 rime drakes (Lair:6)
  29 yaktaurs
  The ghost of XomNomNom the Skirmisher, an amateur OgCK of Xom (D:4)
  6 ice devils
  10 freezing wraiths
  A swamp worm zombie (Crypt:1)
  A komodo dragon (shapeshifter) (Vaults:2)
  4 komodo dragons
  A human skeleton (Vaults:4)
  A grey draconian skeleton (Crypt:1)
  A harpy zombie (Crypt:1)
  A jumping spider (Vaults:4)
  41 merfolk
  A red devil (Lair:6)
  16 trolls
  10 wind drakes
  4 polar bears
  5 hornets
  A tarantella zombie (Crypt:2)
  Prince Ribbit (D:5)
  12 blink frogs
  An ettin zombie (Crypt:1)
  5 bog bodies (Crypt:1)
  10 hippogriffs
  16 slime creatures
  A fire giant simulacrum (Crypt:1)
  6 snapping turtles
  A snapping turtle (shapeshifter) (D:13)
  7 dream sheep
  7 redbacks
  A fire dragon zombie (Crypt:1)
  4 flying skulls (Crypt:1)
  An ice dragon zombie (Crypt:1)
  An ettin skeleton (Crypt:1)
  2 shadows
  9 wraiths
  4 wyverns
  A vampire (D:12)
  10 water elementals
  6 air elementals
  A tarantella (Vaults:4)
  2 black mamba skeletons
  5 fire elementals
  2 basilisks
  A basilisk (shapeshifter) (Vaults:3)
  44 yaks
  21 humans (D:13)
  3 hungry ghosts
  4 vampire mosquitoes (D:14)
  A steam dragon (Lair:5)
  6 wargs
  An infernal demonspawn zombie (Crypt:1)
  5 acid dragons
  Duvessa (D:6)
  38 nagas
  12 water moccasins
  3 hell hounds (Lair:6)
  A floating eye (shapeshifter) (Elf:2)
  10 porcupines
  51 orc warriors
  A black bear (D:12)
  4 phantoms
  3 sky beasts
  3 ice beasts
  An eye of draining (shapeshifter) (Vaults:1)
  3 eyes of draining
  14 boggarts
  4 necrophages
  24 ogres
  An elephant skeleton (Crypt:2)
  10 wolves
  27 centaurs
  19 crocodiles
  A yaktaur zombie (Crypt:2)
  23 bullfrogs
  An elf skeleton (Crypt:1)
  Dowan (D:6)
  3 earth elementals
  A yaktaur skeleton (Crypt:2)
  A cyclops zombie (Crypt:1)
  A wyvern skeleton (D:11)
  5 scorpions
  2 human simulacra
  6 killer bees (D:12)
  11 wights
  A wolf zombie (Crypt:1)
  2 electric eels
  5 howler monkeys
  8 crimson imps
  4 centaur zombies
  A bullfrog zombie (Crypt:2)
  A quasit (D:5)
  A yaktaur simulacrum (Vaults:1)
  A draconian simulacrum (IceCv)
  8 hounds
  3 jellies
  A bullfrog skeleton (D:12)
  21 orc priests
  5 centaur skeletons
  36 orc wizards
  3 iguanas
  Terence (D:2)
  9 worker ants
  Natasha (twice) (D:2)
  A spriggan simulacrum (IceCv)
  3 troll simulacra (IceCv)
  A killer bee zombie (D:10)
  A centaur simulacrum (IceCv)
  A hound zombie (D:7)
  A hound skeleton (D:6)
  4 worker ant zombies
  A howler monkey zombie (D:3)
  6 adders
  2 naga simulacra (IceCv)
  A river rat (D:4)
  8 gnolls
  2 ogre simulacra (IceCv)
  4 shadow imps
  An adder zombie (D:6)
  3 worms
  4 dart slugs
  6 leopard geckos
  106 orcs
  4 ball pythons
  9 giant cockroaches
  14 goblins
  5 hobgoblins
  10 jackals
  3 quokkas
  4 bats (D:3)
  8 frilled lizards
  A gnoll skeleton (Crypt:1)
  A jackal zombie (D:5)
  5 kobolds
  4 leopard gecko zombies
  2 quokka skeletons
  5 rats
  A fungus (Lair:6)
1698 creatures vanquished.

Vanquished Creatures (collateral kills)
  A merfolk impaler (Shoals:4)
  An ice beast (D:12)
2 creatures vanquished.

Vanquished Creatures (others)
  A deep elf death mage (Elf:3)
  A naga warrior (Snake:4)
  A deep elf high priest (Elf:1)
  26 dancing weapons
  A manticore (Shoals:4)
  A merfolk (Shoals:4)
  A bat (D:2)
  A kobold (D:2)
  9 fungi
  28 plants
  A withered plant (Snake:1)
71 creatures vanquished.

Grand Total: 1771 creatures vanquished

Notes
Turn   | Place    | Note
-------+----------+-------------------------------------------
     0 | D:1      | DeepDeath the Octopode Assassin began the quest for the
                  | Orb.
     0 | D:1      | Reached XP level 1. HP: 14/14 MP: 1/1
    51 | D:1      | Reached XP level 2. HP: 19/19 MP: 2/2
   406 | D:1      | Reached XP level 3. HP: 22/24 MP: 3/3
   700 | D:2      | Noticed Terence
   704 | D:2      | Killed Terence
   704 | D:2      | Reached XP level 4. HP: 30/30 MP: 4/4
   984 | D:2      | Noticed Natasha
   988 | D:2      | Killed Natasha
  1209 | D:2      | Found a shimmering altar of Xom.
  1213 | D:2      | Noticed Natasha
  1312 | D:2      | Killed Natasha
  1312 | D:2      | Reached XP level 5. HP: 26/36 MP: 5/5
  1552 | D:3      | Found a hide-covered altar of Uskayaw.
  1687 | D:3      | Found a blossoming altar of Fedhas.
  1893 | D:3      | Found a sacrificial altar of Ru.
  1975 | D:3      | Found a hazy altar of Hepliaklqana.
  1979 | D:3      | Reached XP level 6. HP: 42/42 MP: 6/6
  2203 | D:4      | Found Gozag's Platinum Reserve.
  2207 | D:4      | Found an opulent altar of Gozag.
  2216 | D:4      | Became a worshipper of Gozag Ym Sagoz the Greedy
  2281 | D:4      | Reached skill level 5 in Short Blades
  2411 | D:4      | Found a runed translucent door.
  2413 | D:4      | Noticed XomNomNom's ghost (amateur OgCK)
  2497 | D:4      | Found a runed translucent door.
  2764 | D:5      | Entered Level 5 of the Dungeon
  2831 | D:5      | Reached XP level 7. HP: 30/46 MP: 7/7
  2917 | D:5      | Noticed Prince Ribbit
  2937 | D:5      | Killed Prince Ribbit
  3069 | D:5      | Reached XP level 8. HP: 36/52 MP: 8/8
  3247 | D:5      | Found a bloodstained altar of Trog.
  3629 | D:6      | Noticed Duvessa
  3629 | D:6      | Noticed Dowan
  3641 | D:6      | Killed Duvessa
  3648 | D:6      | Killed Dowan
  3915 | D:6      | Found a staircase to the Ecumenical Temple.
  4020 | D:6      | Reached skill level 10 in Stealth
  4153 | D:6      | Reached XP level 9. HP: 49/56 MP: 9/9
  4621 | D:7      | Noticed a gargoyle
  4636 | D:7      | Killed a gargoyle
  5074 | D:7      | Reached skill level 10 in Short Blades
  5307 | D:7      | Found an ornate altar of the Wu Jian Council.
  6058 | D:8      | Found a radiant altar of Vehumet.
  6058 | D:8      | Found a shattered altar of Ashenzari.
  6059 | D:8      | Reached XP level 10. HP: 63/63 MP: 10/10
  6093 | D:8      | Found Sukh's Armour Shoppe.
  6111 | D:8      | Found a staircase to the Lair.
  6115 | D:8      | Bought a +0 buckler for 58 gold pieces
  6159 | D:8      | Found Vyvic's General Store.
  6160 | D:8      | Noticed Maggie
  6174 | D:8      | Bought a ration for 65 gold pieces
  6174 | D:8      | Bought a scroll of remove curse for 39 gold pieces
  6174 | D:8      | Bought a scroll of remove curse for 39 gold pieces
  6184 | D:8      | Found Nettoes's Jewellery Boutique.
  6192 | D:8      | Bought the ring of the Skies Above {rF+ rC+ Stlth+} for 501
                  | gold pieces
  6221 | D:8      | Found Heoroaz's Antique Armour Shop.
  6235 | D:8      | Found a blossoming altar of Fedhas.
  6236 | D:8      | Found an iron altar of Okawaru.
  6259 | D:8      | Found Caiq's Assorted Antiques.
  6268 | D:8      | Bought a blackened iron ring for 110 gold pieces
  6268 | D:8      | Bought a twisted tourmaline ring for 110 gold pieces
  6301 | D:8      | Noticed Erica
  6314 | D:8      | Killed Erica
  6314 | D:8      | Reached skill level 1 in Shields
  6356 | D:8      | Found a basalt altar of Yredelemnul.
  6803 | D:8      | Killed Maggie
  6989 | D:8      | Bought a scratched agate ring for 110 gold pieces
  7260 | D:9      | Noticed a two-headed ogre
  7270 | D:9      | Killed a two-headed ogre
  7994 | D:9      | Reached XP level 11. HP: 69/69 MP: 11/11
  8028 | D:9      | Reached skill level 5 in Throwing
  8355 | D:8      | Bought an uncursed amulet of regeneration for 360 gold
                  | pieces
  8373 | D:10     | Entered Level 10 of the Dungeon
  8534 | D:10     | Noticed an unseen horror
  8551 | D:10     | Killed an unseen horror
  8706 | Lair:1   | Entered Level 1 of the Lair of Beasts
  8722 | Lair:1   | Noticed a four-headed hydra
  8731 | Lair:1   | Killed a one-headed hydra
  8735 | Lair:1   | Noticed a seven-headed hydra
  8757 | Lair:1   | Killed a five-headed hydra
  8777 | Lair:1   | Reached skill level 5 in Fighting
  8964 | Lair:1   | Reached skill level 5 in Shields
  9549 | Lair:1   | Reached XP level 12. HP: 73/78 MP: 12/12
 10581 | Lair:2   | Noticed Fannar
 10608 | Lair:2   | Killed Fannar
 10751 | Lair:2   | Found a staircase to the Snake Pit.
 10830 | Lair:2   | Noticed a six-headed hydra
 10838 | Lair:2   | Killed a five-headed hydra
 11661 | Lair:3   | Reached skill level 1 in Long Blades
 11933 | Lair:3   | Noticed a six-headed hydra
 11955 | Lair:3   | Killed a one-headed hydra
 13124 | Lair:4   | Found a staircase to the Shoals.
 13153 | Lair:4   | Reached skill level 5 in Dodging
 13497 | Lair:4   | Reached XP level 13. HP: 58/88 MP: 13/13
 13536 | Lair:4   | You fall into a shaft and drop 2 floors!
 13536 | Lair:6   | Entered Level 6 of the Lair of Beasts
 14920 | Lair:5   | Reached skill level 15 in Stealth
 16421 | Lair:6   | Found a staircase to the Slime Pits.
 16622 | Lair:6   | Noticed Josephine
 16727 | Lair:6   | Killed Josephine
 16727 | Lair:6   | Reached skill level 5 in Long Blades
 17465 | Lair:6   | Reached XP level 14. HP: 90/98 MP: 14/14
 17498 | Lair:6   | Reached skill level 10 in Fighting
 17498 | Lair:6   | Reached skill level 1 in Evocations
 17613 | Lair:6   | Found a burning altar of Makhleb.
 17694 | Lair:6   | Found a gateway to Hell.
 17724 | Lair:6   | Identified the +6 longbow of Causality {venom, rF+} (You
                  | found it on level 6 of the Lair of Beasts)
 18086 | Lair:2   | Learned a level 2 spell: Poisonous Vapours
 18090 | Lair:2   | Learned a level 3 spell: Mephitic Cloud
 18277 | D:4      | Killed XomNomNom's ghost
 19214 | D:11     | Identified a scroll of acquirement
 19215 | D:11     | Acquired 5370 gold pieces
 19332 | D:4      | Bought the ring "Ejan" {Ice rElec rPois rN++ Int-3} for
                  | 4740 gold pieces
 19648 | Lair:2   | Learned a level 3 spell: Conjure Flame
 19851 | D:11     | Reached skill level 1 in Poison Magic
 20100 | D:11     | Found a staircase to the Orcish Mines.
 20158 | D:11     | Reached skill level 1 in Conjurations
 20406 | D:12     | Reached skill level 1 in Air Magic
 20460 | D:12     | Acquired a +0 hat of magic resistance
 20509 | D:12     | Reached skill level 1 in Spellcasting
 20899 | D:12     | Noticed Sonja
 20932 | D:12     | Killed Sonja
 21880 | Orc:1    | Entered Level 1 of the Orcish Mines
 21884 | Orc:1    | Found a frozen archway.
 21972 | IceCv    | Entered an ice cave
 22426 | IceCv    | Identified the +8 long sword of Resonant Exoneration
                  | {vorpal, *Drain Dex+4 SInv} (You found it in an ice cave)
 23111 | Orc:1    | Noticed Maurice
 23118 | Orc:1    | Killed Maurice
 23130 | Orc:1    | Reached XP level 15. HP: 107/107 MP: 18/18
 23304 | Orc:2    | Entered Level 2 of the Orcish Mines
 23323 | Orc:1    | Reached skill level 10 in Dodging
 23790 | Orc:2    | Found a staircase to the Elven Halls.
 24507 | Orc:2    | Reached skill level 1 in Fire Magic
 24687 | Orc:2    | Found Turemalu's Jewellery Shoppe.
 24687 | Orc:2    | Found Waurajuxt's Assorted Antiques.
 24692 | Orc:2    | Found Roazxoyv's Jewellery Emporium.
 24716 | Orc:2    | Found Seget's General Store.
 24738 | Orc:2    | Bought a scroll of identify for 24 gold pieces
 24903 | Orc:2    | Bought the ring of Nuffar {+Blink rCorr Dex+2} for 649 gold
                  | pieces
 24909 | Orc:2    | Bought the ring "Wujegung" {rPois rC+ rN+ MR+ Dex+6} for
                  | 1384 gold pieces
 24909 | Orc:2    | Bought the amulet of Toseing {Acrobat Str+3 Slay+3 SInv}
                  | for 961 gold pieces
 25509 | D:13     | Identified the +8 whip of Pain and Death {drain, rF+ MR+
                  | Str+4 SInv} (You found it on level 13 of the Dungeon)
 25989 | D:13     | Found a gate to the Vaults.
 26127 | D:13     | Noticed Erolcha
 26148 | D:13     | Killed Erolcha
 26148 | D:13     | Reached skill level 5 in Poison Magic
 26273 | D:13     | Found a white marble altar of Elyvilon.
 26400 | D:14     | Identified the Handbook of Creation and Translocation
 26405 | D:14     | Got an ichor-stained fustibalus
 26428 | D:14     | Noticed Rupert
 26483 | D:14     | Killed Rupert
 26740 | D:14     | Identified the +9 fustibalus "Zahuzunt" {vorpal, *Contam
                  | rF+ Int+3} (You found it on level 14 of the Dungeon)
 27152 | D:14     | Reached XP level 16. HP: 114/114 MP: 20/20
 27264 | D:14     | Noticed Frances
 27337 | D:14     | Noticed Mafricsi's ghost (journeyman FoFi)
 27345 | D:14     | Found a transporter.
 27361 | D:14     | Found a transporter.
 28257 | D:14     | Killed Frances
 28659 | D:15     | Entered Level 15 of the Dungeon
 28740 | D:15     | Found Qetaq's Weapon Shop.
 28748 | D:15     | Bought the +8 long sword of Keiwkasi {vamp, rPois SInv
                  | Stlth+} for 824 gold pieces
 29150 | D:15     | Found Xuolot's Assorted Antiques.
 29152 | D:15     | Found Xoip's Book Shop.
 29156 | D:15     | Bought a scroll labeled WEONGO IWIGH for 32 gold pieces
 29226 | D:15     | Found Tajelaac's Pet Rocks.
 29364 | D:15     | Found Qoesaulin's Antique Armour Shoppe.
 29562 | D:15     | Found a staircase to the Depths.
 29595 | D:15     | Noticed Agnes
 29605 | D:15     | Killed Agnes
 29727 | D:15     | Got a scintillating steel amulet
 29877 | D:15     | Identified the amulet "Teomax" {Spirit +Fly} (You found it
                  | on level 15 of the Dungeon)
 30195 | Shoals:1 | Entered Level 1 of the Shoals
 31141 | Shoals:2 | Found Fonug's Magic Scroll Emporium.
 31155 | Shoals:2 | Bought a scroll of magic mapping for 49 gold pieces
 31155 | Shoals:2 | Bought a scroll of magic mapping for 49 gold pieces
 31157 | Shoals:2 | Found Coed's Gadget Shop.
 31310 | Shoals:2 | Found Fiocauk's Assorted Antiques.
 31587 | Shoals:2 | Bought an ivory wand for 96 gold pieces
 31750 | Shoals:2 | Acquired a +1 tower shield of protection
 31773 | Shoals:2 | Found a bloodstained altar of Trog.
 31964 | Shoals:2 | Found Irearow's Weapon Boutique.
 32006 | Shoals:2 | Found Ojiy's Book Shoppe.
 32317 | Lair:2   | Bought a ration for 65 gold pieces
 32317 | Lair:2   | Bought a ration for 65 gold pieces
 32317 | Lair:2   | Bought a ration for 65 gold pieces
 32317 | Lair:2   | Bought a ration for 65 gold pieces
 32317 | Lair:2   | Bought a ration for 65 gold pieces
 32317 | Lair:2   | Bought a ration for 65 gold pieces
 32317 | Lair:2   | Bought a ration for 65 gold pieces
 32317 | Lair:2   | Bought a ration for 65 gold pieces
 32639 | Shoals:3 | Reached XP level 17. HP: 67/121 MP: 21/21
 32852 | Shoals:3 | Noticed Aizul
 32867 | Shoals:3 | Killed Aizul
 32887 | Shoals:3 | Reached skill level 10 in Shields
 33025 | Shoals:3 | Identified Roxanne's Compendium of the Mountains
 33025 | Shoals:3 | Noticed Roxanne
 33251 | Shoals:3 | Noticed a kraken
 33512 | Lair:2   | Bought the ring of Conformity {rPois rF++} for 667 gold
                  | pieces
 33722 | D:14     | Killed Mafricsi's ghost
 33767 | D:14     | Got a pitted copper amulet
 33804 | D:14     | Identified the amulet "Kocount" {Reflect rElec rPois rC-
                  | Int+5 SH+5} (You found it on level 14 of the Dungeon)
 34132 | Shoals:4 | Entered Level 4 of the Shoals
 34132 | Shoals:4 | Found a runed translucent gate.
 34132 | Shoals:4 | Found a runed translucent gate.
 34132 | Shoals:4 | Found a runed translucent gate.
 34132 | Shoals:4 | Noticed KrombopulosMichael's ghost (adept HOAK)
 34478 | Shoals:4 | Reached skill level 10 in Long Blades
 36171 | Shoals:4 | Got a barnacled rune of Zot
 36348 | Shoals:4 | Noticed a kraken
 37784 | Orc:2    | Bought a potion of heal wounds for 170 gold pieces
 37830 | Elf:1    | Entered Level 1 of the Elven Halls
 37855 | Elf:1    | Reached XP level 18. HP: 130/130 MP: 22/22
 38356 | Elf:1    | Identified the +7 hand axe of Patience {vamp, rElec SInv}
 38530 | Elf:1    | Found a runed translucent gate.
 38530 | Elf:1    | Found a runed translucent gate.
 38530 | Elf:1    | Found a runed translucent gate.
 38530 | Elf:1    | Found a runed translucent gate.
 38530 | Elf:1    | Found a runed translucent gate.
 38549 | Elf:1    | Found a runed translucent gate.
 39367 | Snake:1  | Entered Level 1 of the Snake Pit
 39396 | Snake:1  | Found a runed translucent door.
 39396 | Snake:1  | Noticed hawla's ghost (journeyman DrCj)
 39552 | Snake:1  | Found Torev's Jewellery Shoppe.
 39558 | Snake:1  | Found Ituereus's Gadget Boutique.
 39559 | Snake:1  | Found Beukurie's Jewellery Shoppe.
 39580 | Snake:1  | Bought a cursed amulet of inaccuracy for 28 gold pieces
 39583 | Snake:1  | Bought a wand of clouds (8) for 684 gold pieces
 40496 | Snake:2  | Reached skill level 15 in Shields
 41526 | Snake:3  | Reached XP level 19. HP: 136/136 MP: 24/24
 41878 | Snake:1  | Bought the ring of Roeniant {Str+5 Stlth+} for 490 gold
                  | pieces
 41958 | Snake:4  | Entered Level 4 of the Snake Pit
 41999 | Snake:4  | Noticed Vashnia
 42013 | Snake:4  | HP: 6/136 [anaconda (10)]
 42013 | Snake:4  | HP: 2/136 [anaconda (4)]
 42943 | D:15     | Bought a potion of heal wounds for 160 gold pieces
 43140 | Snake:1  | Bought a wand of acid (8) for 456 gold pieces
 43148 | Snake:1  | Learned a level 1 spell: Apportation
 43151 | Snake:1  | Learned a level 2 spell: Shroud of Golubria
 43444 | Snake:4  | Reached skill level 1 in Translocations
 43528 | Snake:4  | Reached skill level 1 in Charms
 43546 | Snake:4  | Killed Vashnia
 44607 | Snake:4  | Reached skill level 5 in Evocations
 45365 | Snake:4  | Got a serpentine rune of Zot
 45754 | Shoals:2 | Bought a glimmering hand crossbow for 204 gold pieces
 45755 | Shoals:2 | Identified the +8 hand crossbow of the Secret Lies {elec,
                  | +Inv rC+ Str+4 Dex-5} (You bought it in a shop on level 2
                  | of the Shoals)
 46073 | Elf:2    | Found a radiant altar of Vehumet.
 46073 | Elf:2    | Noticed Saint Roka
 46107 | Elf:2    | Killed Saint Roka
 46544 | Elf:2    | Reached skill level 15 in Fighting
 46718 | Elf:2    | Reached XP level 20. HP: 145/145 MP: 26/26
 47004 | Elf:2    | Found a huge runed translucent gate.
 47004 | Elf:2    | Found a huge runed translucent gate.
 47004 | Elf:2    | Found a huge runed translucent gate.
 47004 | Elf:2    | Found a huge runed translucent gate.
 47004 | Elf:2    | Found a huge runed translucent gate.
 48115 | Elf:2    | Reached skill level 5 in Spellcasting
 48603 | Elf:3    | Entered Level 3 of the Elven Halls
 48663 | Elf:3    | Found Wiwesuda's Assorted Antiques.
 48691 | Elf:3    | Noticed Mara
 48706 | Elf:3    | Noticed DeepDeath's illusion
 48712 | Elf:3    | Killed Mara
 48768 | Elf:3    | Bought a potion of heal wounds for 130 gold pieces
 48768 | Elf:3    | Bought a scroll of identify for 52 gold pieces
 49355 | Elf:3    | Got a fading flail
 49615 | Lair:2   | Identified the +2 flail of the Disturbing Knaves {flame,
                  | +Blink rN++ MP+9 Dex-4} (You found it on level 3 of the
                  | Elven Halls)
 49818 | Vaults:1 | Entered Level 1 of the Vaults
 49965 | Vaults:1 | Found Syick's Weapon Shoppe.
 49998 | Vaults:1 | Found a flickering gateway to a bazaar.
 50160 | Bazaar   | Entered a bazaar
 50164 | Bazaar   | Found Befum's Jewellery Boutique.
 50182 | Bazaar   | Found Nimudwixt's Antique Armour Emporium.
 50199 | Bazaar   | Found Juveinim's Distillery.
 50204 | Bazaar   | Bought a potion of heal wounds for 45 gold pieces
 50216 | Bazaar   | Found Zawof's Antique Weapon Shoppe.
 50238 | Bazaar   | Bought the ring "Begorirpha" {Wiz rN+} for 535 gold pieces
 50268 | Bazaar   | Bought 2 potions of berserk rage for 90 gold pieces
 50268 | Bazaar   | Bought a potion of stabbing for 36 gold pieces
 51303 | Vaults:1 | Reached XP level 21. HP: 136/154 MP: 28/28
 51356 | Vaults:1 | Reached skill level 15 in Dodging
 52429 | Vaults:2 | Reached skill level 5 in Translocations
 52434 | Vaults:2 | Reached skill level 5 in Charms
 52748 | Vaults:2 | Reached skill level 5 in Air Magic
 54052 | Vaults:3 | Noticed Sojobo
 54437 | Vaults:3 | Found a staircase to the Crypt.
 54437 | Vaults:3 | Found a basalt altar of Yredelemnul.
 54437 | Vaults:3 | Found an ancient bone altar of Kikubaaqudgha.
 54568 | Vaults:3 | Found Nontiras's Distillery.
 54576 | Vaults:3 | Bought 2 potions of invisibility for 272 gold pieces
 54576 | Vaults:3 | Bought a potion of invisibility for 136 gold pieces
 54576 | Vaults:3 | Bought 2 potions of heal wounds for 170 gold pieces
 54576 | Vaults:3 | Bought a potion of invisibility for 136 gold pieces
 54650 | Vaults:3 | Killed Sojobo
 54766 | Vaults:3 | Reached XP level 22. HP: 140/165 MP: 27/31
 55722 | Vaults:4 | Found Caph's Magic Scroll Shop.
 55730 | Vaults:4 | Bought a scroll of magic mapping for 56 gold pieces
 55730 | Vaults:4 | Bought a scroll of identify for 32 gold pieces
 55730 | Vaults:4 | Bought a scroll of magic mapping for 56 gold pieces
 56464 | Vaults:4 | Learned a level 3 spell: Portal Projectile
 56536 | Vaults:4 | Reached skill level 1 in Hexes
 56904 | Vaults:1 | Bought a scroll of blinking for 120 gold pieces
 56904 | Vaults:1 | Bought a scroll of identify for 32 gold pieces
 56904 | Vaults:1 | Bought a scroll of magic mapping for 56 gold pieces
 57111 | Snake:1  | Bought the ring "Neitiv" {rC+ Dex+5} for 807 gold pieces
 57122 | Snake:1  | Bought an uncursed ring of protection from magic for 475
                  | gold pieces
 58351 | Elf:3    | Identified the +9 plate armour "Bauskoch" {rCorr Str+7
                  | Stlth-}
 58968 | Elf:3    | Reached XP level 23. HP: 174/174 MP: 32/32
 59059 | Elf:3    | Identified the Disquisition on Attacks
 59113 | Elf:3    | Identified the +7 spear of Evisceration {vorpal, rElec
                  | rF+++ Str+4 Stlth+} (You found it on level 3 of the Elven
                  | Halls)
 60056 | D:15     | Identified the +7 short sword "Symm" {freeze, *Corrode rC+
                  | MR+ Str+4} (You found it on level 15 of the Dungeon)
 60470 | D:8      | Bought 3 silver javelins for 93 gold pieces
 60777 | Lair:2   | Bought the ring "Yngyrr" {rN+ AC+4 Int+4} for 834 gold
                  | pieces
 61107 | Crypt:1  | Entered Level 1 of the Crypt
 62145 | Crypt:1  | You fall into a shaft and drop 1 floor!
 62148 | Crypt:2  | Found a basalt altar of Yredelemnul.
 62148 | Crypt:2  | Noticed an ancient lich
 62158 | Crypt:2  | Killed an ancient lich
 62268 | Crypt:2  | Found an ancient bone altar of Kikubaaqudgha.
 63366 | Crypt:2  | HP: 7/176 [spectral ettin[a revenant] (26)]
 63366 | Crypt:2  | Mangled by a spectral ettin

Illustrated notes

Levels and vault maps discovered:
D:1:      ncdulo_watergridlock, layout_loops_ring
D:2:      layout_basic, lemuel_doored_altar, st_stairs_12, lemuel_flame_loot_1,
          uniq_terence, uniq_natasha
D:3:      layout_rooms, nicolae_ru_awakened_eye, old_standard_altar,
          overflow_temple_1_default, serial_undead, serial_undead_f,
          serial_undead_d, serial_undead_c, serial_undead_e, first_ration,
          fedhas_altar_2
D:4:      cheibrodos_old_hovel, layout_basic, nicolae_gozag_zags_fifth_avenue,
          ebering_ghost_sewer_f
D:5:      layout_rooms, nicolae_overflow_crystal_walls, uniq_prince_ribbit1
D:6:      kennysheep_windowed_halls, layout_rooms, minmay_temple_entry_poolview,
          uniq_duvessa
D:7:      layout_layer_cave, kennysheep_mini
D:8:      layout_basic, yredelemnul_altar_generic,
          gammafunk_temple_overflow_statue,
          chequers_temple_overflow_statue_of_worship, lair_entry_dummy,
          serial_shops, shop, nicolae_shop_statue_plus, shop,
          nicolae_shop_overgrown_old_shop, shop_fountains, uniq_maggie,
          uniq_erica
D:9:      layout_cave_pools, hangedman_fish_farm, patterned_corridor
D:10:     minmay_recursive_quarters, layout_loops_cross
D:11:     layout_small_grid, hiddenorc1_lemuel
D:12:     minmay_quarter_circles, layout_irregular_city, uniq_sonja
D:13:     layout_cross, grunt_vaults_entry_tiered, elyvilon_altar_3,
          uniq_erolcha
D:14:     cheibrodos_wizards_tower, layout_stronghold,
          gammafunk_ghost_berserking_beasts, grunt_decor_cap, uniq_rupert,
          uniq_frances
D:15:     hangedman_depths_entry_civil_slaughter, layout_irregular_city,
          hangedman_abyss_or_decor_slice, serial_shops, nicolae_shop_trees,
          shop, shop, nicolae_shop_overgrown_old_shop, nicolae_two_hexagons,
          guppyfry_shop_earth, uniq_agnes
Lair:1:   layout_long_grid
Lair:2:   layout_loops_ring, dummy_snake_entry, uniq_fannar
Lair:3:   layout_regular_city, fungi_pond_lemuel
Lair:4:   layout_layer_cave, elwin_shoals_entry_stream
Lair:5:   layout_loops_ring, serial_bayou_shore_b
Lair:6:   evil_forest, layout_regular_city, minmay_slime_entry_eyes,
          grunt_megastairs_5, uniq_josephine
Shoals:1: layout_shoals
Shoals:2: layout_shoals, serial_shops, nicolae_shop_crystal, shop,
          nicolae_shop_behind_doors, nicolae_shop_trees, nicolae_shop_trees,
          lemuel_altar_in_water
Shoals:3: layout_shoals, uniq_aizul, uniq_roxanne
Shoals:4: shoals_end_grunt_ice, layout_shoals, ebering_ghost_rock_garden,
          nicolae_shoals_mertower
Snake:1:  layout_cave_shapes, gammafunk_ghost_grave, grunt_megastairs_3,
          minmay_shop_grove
Snake:2:  layout_onion
Snake:3:  layout_rooms, serial_bayou_shore_a
Snake:4:  snake_pit, layout_basic, serial_bayou_shore_b, uniq_vashnia
Orc:1:    layout_caves, portal_ice_cave_entry_pillars_1, uniq_maurice
Orc:2:    st_orc_mages, layout_diamond_mine
Elf:1:    eino_elf_arrival_shootout, layout_loops_corners, orc_legates,
          grunt_megastairs_4
Elf:2:    layout_onion_city, basic_altar, grunt_ministairs_3, uniq_saint_roka
Elf:3:    minmay_elf_hall_hex, layout_geoelf_castle, serial_shops, shop,
          corner_web_ring, uniq_mara
Vaults:1: ontoclasm_vaults_tryst, v_misc_5, st_lattice, v_misc_26,
          nicolae_vaults_little_squares_4, vaults_dpeg_doors,
          nicolae_vaults_inception_statues, nicolae_vaults_little_squares_6,
          nicolae_vaults_little_ls, vaults_room_pool, layout_vaults_omnicross,
          serial_shops, bzr_entry_road, shop
Vaults:2: v_pattern_2, hangedman_vaults_capsules, v_misc_2, v_misc_22,
          hangedman_vaults_stream, nicolae_vaults_twisting_passages,
          ontoclasm_vaults_chip, nicolae_vaults_minivaults, vaults_room_octagon,
          vaults_dpeg_ring, vaults_room_pool, vaults_room_pools,
          ontoclasm_vaults_fault, vaults_dpeg_encased_lava, layout_vaults_maze
Vaults:3: v_alt_pattern_4, v_misc_23, minmay_crypt_entry_necro_gods,
          hangedman_vaults_impose, hangedman_vaults_cutoff,
          vaults_room_ringed_pool, v_misc_19, v_alt_pattern_6,
          layout_vaults_quadrants, serial_shops, shop, uniq_sojobo
Vaults:4: grunt_vaults_swirl, ontoclasm_vaults_bender,
          nicolae_vaults_little_squares_2, v_misc_4, hangedman_vaults_stagger,
          v_rooms_4, vaults_room_corners, nicolae_vaults_little_squares_1,
          layout_vaults_big_room, serial_shops, shop, uniq_margery
Crypt:1:  layout_rooms, nicolae_crypt_soggy_tomb, hangedman_weighted_door,
          corexii_hall_statues_s, grunt_crypt_arrival_split
Crypt:2:  layout_misc_corridors, hangedman_feature_mirror, minivault_4,
          st_stairs_12, roderic_lattice_octagonal_star

Skill      XL: |  1  2  3  4  5  6  7  8  9 10 11 12 13 14 15 16 17 18 19 20 21 22 23 |
---------------+----------------------------------------------------------------------+-----
Short Blades   | 3 4 5 7 9 10 11 13 14 | 14.0
Dodging        | 2 5 8 9 11 12 14 15 16 | 16.0
Stealth        | 6 7 8 10 11 12 13 14 15 16 17 18 20 | 20.0
Fighting       | 3 4 5 7 9 11 12 13 14 15 16 18 19 20 | 20.0
Throwing       | 4 6 8 |  8.0
Shields        | 3 5 6 9 12 15 17 | 17.2
Long Blades    | 3 5 6 7 9 10 11 | 11.2
Evocations     | 2 5 |  5.0
Poison Magic   | 3 5 6 8 |  8.0
Conjurations   | 2 3 |  3.0
Air Magic      | 2 3 5 |  5.0
Spellcasting   | 2 3 4 5 6 7 |  7.0
Fire Magic     | 2 3 |  3.0
Translocations | 3 4 5 |  5.0
Charms         | 3 4 5 |  5.0
Hexes          | 2 |  2.0

Action                   |  1- 3 |  4- 6 |  7- 9 | 10-12 | 13-15 | 16-18 | 19-21 | 22-24 || total
-------------------------+-------+-------+-------+-------+-------+-------+-------+-------++-------
Melee: Dagger            |    41 |       |       |       |       |       |       |       ||    41
       Constrict         |     8 |    18 |    35 |    35 |   167 |   181 |   200 |   141 ||   785
       Tentacles         |     4 |    17 |    28 |    93 |   392 |   457 |   669 |   360 ||  2020
       Short sword       |       |    93 |    55 |       |       |       |       |    35 ||   183
       Rapier            |       |       |   120 |   335 |   968 |   755 |   692 |   174 ||  3044
       Scimitar          |       |       |       |    31 |   166 |    42 |    54 |   289 ||   582
       Long sword        |       |       |       |       |       |   326 |   713 |   268 ||  1307
Throw: Stone             |       |     1 |       |     2 |       |       |       |       ||     3
       Dart              |       |       |    43 |    96 |   195 |    83 |    17 |       ||   434
       Throwing net      |       |       |       |     4 |     2 |     7 |       |       ||    13
       Boomerang         |       |       |       |       |     9 |       |    52 |     6 ||    67
       Javelin           |       |       |       |       |       |       |       |     9 ||     9
 Cast: Apportation       |       |       |       |       |       |       |     2 |       ||     2
       Mephitic Cloud    |       |       |       |       |       |       |    26 |    11 ||    37
       Shroud of Golubri |       |       |       |       |       |       |     6 |     5 ||    11
Invok: Potion Petition   |       |       |       |     1 |       |     1 |       |     2 ||     4
       Call Merchant     |       |       |       |       |     1 |     3 |       |     1 ||     5
Evoke: Wand              |       |     1 |    10 |    13 |    11 |    15 |     6 |     3 ||    59
       Lightning rod     |       |       |       |     4 |       |     4 |       |       ||     8
       Phial of floods   |       |       |       |       |       |     1 |       |       ||     1
  Use: Scroll            |     3 |    12 |     4 |    13 |    19 |    10 |    13 |     8 ||    82
       Potion            |       |       |     1 |     7 |     5 |     8 |     8 |     5 ||    34
 Stab: Sleeping          |    11 |    16 |    11 |    40 |    90 |    81 |    54 |    31 ||   334
       Distracted        |       |     1 |     1 |     1 |    18 |    24 |    28 |    18 ||    91
       Invisible         |       |       |       |     4 |       |     4 |       |     1 ||     9
       Confused          |       |       |       |       |     2 |     1 |    21 |    19 ||    43
       Held in net/web   |       |       |       |       |       |     1 |       |       ||     1
  Eat: Chunk             |       |     3 |       |       |       |       |       |       ||     3
       Ration            |       |     1 |     3 |     7 |    12 |    14 |    14 |     8 ||    59
Armor: Skin              |     2 |    17 |    31 |    93 |    57 |    51 |    48 |    24 ||   323
Dodge: Dodged            |    16 |    33 |    77 |   160 |   501 |   490 |   612 |   304 ||  2193
Block: Buckler           |       |       |       |    62 |   139 |    25 |       |       ||   226
       Kite shield       |       |       |       |       |       |   531 |   828 |   415 ||  1774
       Rpst.: Scimitar   |       |       |       |     1 |    22 |     5 |     2 |    27 ||    57
       Long sword        |       |       |       |       |       |    18 |    43 |    22 ||    83
